 Dungeon Sprint DCSS version 0.19-a0-262-g5df7875 (webtiles) character file.

1052 pipel the Blocker (level 8, -8/75 HPs)
             Began as a Formicid Fighter on May 25, 2016.
             Was an Initiate of Hepliaklqana.
             Mangled by a skeletal warrior
             ... wielding a +0 glaive
              (30 damage)
             ... in the Dungeon (Sprint IX: "|||||||||||||||||||||||||||||").
             The game lasted 00:04:21 (326 turns).

pipel the Blocker (Formicid Fighter)                 Turns: 326, Time: 00:04:22

Health: -8/75      AC: 15    Str: 25    XL:     8   Next: 51%
Magic:  9/9        EV:  8    Int: 11    God:    Hepliaklqana [......]
Gold:   0          SH: 13    Dex: 11    Spells: 0 memorised, 7 levels left

rFire  . . .     SeeInvis +     a - +2 scimitar (drain)
rCold  . . .     Gourm    .     s - +0 plate armour
rNeg   . . .     Faith    .     c - +0 shield
rPois  .         Spirit   .     (helmet unavailable)
rElec  .         Dismiss  .     r - +0 cloak
rCorr  .         Reflect  .     (no gloves)
SustAt .         Harm     .     (no boots)
MR     .....                    (no amulet)
Stlth  ..........               u - +3 ring of strength
                                t - +3 ring of intelligence

@: very slightly contaminated, not resistant to hostile enchantments, extremely
unstealthy
A: permanent stasis, dig shafts and tunnels, four strong arms, antennae 3
a: Dig, Recall Ancestor, Ancestor Identity, Renounce Religion


You were in the Dungeon.
You worshipped Hepliaklqana.
Hepliaklqana was noncommittal.
You were not hungry.

You visited 1 branch

Inventory:

Hand Weapons
 a - a +2 scimitar of draining (weapon)
 q - a +0 long sword
Armour
 b - a +0 scale mail
 c - a +0 shield (worn)
 r - a +0 cloak (worn)
 s - a +0 plate armour (worn)
Magical Staves
 p - an uncursed staff of energy
Jewellery
 t - a +3 ring of intelligence (left hand)
 u - a +3 ring of strength (right hand)
Wands
 o - a wand of lightning (0/15)
Scrolls
 k - 2 scrolls of blinking
 m - 3 scrolls of remove curse
 n - 2 scrolls of amnesia
Potions
 e - 5 potions of curing
 h - a potion of haste
 i - 4 potions of magic
 j - a potion of berserk rage
Comestibles
 f - a bread ration
 l - 6 chunks of flesh


   Skills:
 + Level 11.0 Fighting
 + Level 6.4 Long Blades
 + Level 9.9 Armour
 + Level 2.4 Dodging
 + Level 11.9 Shields
 + Level 2.2 Evocations


You had 7 spell levels left.
You didn't know any spells.

Dungeon Overview and Level Annotations

Branches:
Dungeon (1/1)

Altars:
Cheibriados
Dithmenos
Elyvilon
Fedhas
Gozag
Hepliaklqana
Kikubaaqudgha
Makhleb
Nemelex Xobeh
Okawaru
Pakellas
Qazlal
Ru
Sif Muna
Trog
Ukayaw
Vehumet
Xom
Yredelemnul
Zin
The Shining One
Beogh
Jiyva
Lugonu


Innate Abilities, Weirdness & Mutations

You are under a permanent stasis effect.
You can dig through walls and to a lower floor.
Your four strong arms can wield two-handed weapons with a shield.
You have a pair of large antennae on your head. (SInv)


Message History

You hit the skeletal warrior but do no damage.
The skeletal warrior is severely damaged.
You barely miss the skeletal warrior.
The skeletal warrior is severely damaged.
The skeletal warrior barely misses you.
You slash the skeletal warrior!
The skeletal warrior is severely damaged.
The skeletal warrior barely misses you.
You hit the skeletal warrior but do no damage.
The skeletal warrior is severely damaged.
The skeletal warrior hits you with a glaive.
* * * LOW HITPOINT WARNING * * *
You take 4 damage, and have 21/75 hp.
You hit the skeletal warrior but do no damage.
The skeletal warrior is severely damaged.
The skeletal warrior hits you but does no damage.
Your plate armour prevents you from hitting the skeletal warrior.
The skeletal warrior is severely damaged.
The skeletal warrior hits you with a glaive!!
You die... ▓▓▓▓▓▓▓▓▓▓▓▓▓▓▓▓▓▓▓▓▓▓▓▓ +.†.Cuz@R.....)...[.)... ▓▓▓▓▓▓▓▓▓▓▓▓▓▓▓▓▓▓▓▓▓▓▓▓ {{{{{{{{

You could see a red ugly thing, a skeletal warrior, a cyclops and the friendly the ancestor.

Vanquished Creatures
  A gargoyle (D)
  A two-headed ogre (D)
  A wyvern (D)
  An ice beast (D)
  An ogre (D)
  A giant frog (D)
  A crimson imp (D)
  A hound (D)
  2 orc wizards (D)
  An orc priest (D)
  A shadow imp (D)
  2 bats (D)
  A giant cockroach (D)
  A quokka (D)
  A giant newt (D)
  A jackal zombie (D)
  A rat (D)
19 creatures vanquished.

Notes
Turn   | Place    | Note
--------------------------------------------------------------
     0 | D        | pipel the Formicid Fighter began the quest for the Orb.
     0 | D        | Reached XP level 1. HP: 18/18 MP: 1/1
    24 | D        | Noticed an ogre
    24 | D        | Noticed an orc priest
    24 | D        | Noticed an orc wizard
    32 | D        | Killed an orc wizard
    32 | D        | Reached skill level 5 in Fighting
    32 | D        | Reached skill level 5 in Shields
    32 | D        | Reached XP level 2. HP: 24/27 MP: 2/2
    32 | D        | Reached XP level 3. HP: 29/33 MP: 3/3
    33 | D        | Reached skill level 5 in Armour
    41 | D        | Reached XP level 4. HP: 40/40 MP: 4/4
    45 | D        | Killed an ogre
    45 | D        | Reached skill level 1 in Dodging
    45 | D        | Reached XP level 5. HP: 22/48 MP: 5/5
    54 | D        | Found a glowing silver altar of Zin.
    54 | D        | Found a glowing golden altar of the Shining One.
    54 | D        | Found an ancient bone altar of Kikubaaqudgha.
    54 | D        | Found a basalt altar of Yredelemnul.
    54 | D        | Found a shimmering altar of Xom.
    54 | D        | Found a radiant altar of Vehumet.
    55 | D        | Found an iron altar of Okawaru.
    56 | D        | Found a burning altar of Makhleb.
    57 | D        | Found a deep blue altar of Sif Muna.
    58 | D        | Found a bloodstained altar of Trog.
    59 | D        | Found a sparkling altar of Nemelex Xobeh.
    60 | D        | Found a white marble altar of Elyvilon.
    61 | D        | Found a roughly hewn altar of Beogh.
    62 | D        | Found a viscous altar of Jiyva.
    63 | D        | Found a corrupted altar of Lugonu.
    64 | D        | Found a blossoming altar of Fedhas.
    65 | D        | Found a snail-covered altar of Cheibriados.
    66 | D        | Found a shadowy altar of Dithmenos.
    67 | D        | Found a stormy altar of Qazlal.
    68 | D        | Found an opulent altar of Gozag.
    69 | D        | Found a sacrificial altar of Ru.
    70 | D        | Found an oddly glowing altar of Pakellas.
    71 | D        | Found a hide-covered altar to Ukayaw.
    72 | D        | Found a hazy altar of Hepliaklqana.
    82 | D        | Became a worshipper of Hepliaklqana
   205 | D        | Noticed an ice beast
   205 | D        | Noticed a wyvern
   205 | D        | Noticed a two-headed ogre
   208 | D        | Killed a two-headed ogre
   208 | D        | Reached skill level 5 in Long Blades
   208 | D        | Reached skill level 10 in Shields
   208 | D        | Reached XP level 6. HP: 56/58 MP: 6/6
   208 | D        | Reached XP level 7. HP: 62/64 MP: 7/7
   212 | D        | Killed a wyvern
   213 | D        | Reached skill level 10 in Fighting
   213 | D        | Reached skill level 1 in Evocations
   295 | D        | Noticed a cyclops
   295 | D        | Noticed a red ugly thing
   295 | D        | Noticed a skeletal warrior
   295 | D        | Noticed a gargoyle
   299 | D        | Reached XP level 8. HP: 73/73 MP: 8/8
   304 | D        | Killed a gargoyle
   326 | D        | Mangled by a skeletal warrior

Vault maps used:
D:        linesprint

Skill      XL: |  1  2  3  4  5  6  7  8 |
---------------+-------------------------+-----
Armour         | 4 5 6 8 9 |  9.9
Fighting       | 5 7 9 10 11 | 11.0
Shields        | 5 6 7 10 11 | 11.9
Long Blades    | 3 5 6 |  6.4
Dodging        | 1 2 |  2.4
Evocations     | 1 2 |  2.2

Action                   |  1- 3 |  4- 6 |  7- 9 || total
-------------------------+-------+-------+-------++-------
Melee: Long sword        |    24 |     6 |       ||    30
       Scimitar          |       |       |    28 ||    28
Evoke: Wand              |       |     2 |     5 ||     7
  Use: Potion            |     2 |       |     3 ||     5
Armor: Scale mail        |     9 |       |       ||     9
       Plate armour      |       |     1 |     6 ||     7
Dodge: Dodged            |     7 |       |     8 ||    15
Block: Shield            |     7 |     4 |     9 ||    20
